 Dungeon Crawl Stone Soup version 0.16-b1 (webtiles) character file.

797 toofou the Covered (level 7, -1/62 HPs)
             Began as a Minotaur Berserker on Mar 15, 2015.
             Was an Elder of Trog.
             Slain by Pikel
             ... wielding a +0 whip of freezing
              (4 damage)
             ... on level 5 of the Dungeon.
             The game lasted 00:13:02 (3897 turns).

toofou the Covered (Minotaur Berserker)             Turns: 3897, Time: 00:13:04

Health: -1/62      AC:  8    Str: 24    XL:     7   Next: 58%
Magic:  3/3        EV: 11    Int:  4    God:    Trog [****..]
Gold:   278        SH:  0    Dex:  9    Spells: 0 memorised, 6 levels left

rFire  + . .     SeeInvis .     A - +0 dire flail
rCold  x . .     Clarity  .     C - +0 scale mail
rNeg   + . .     SustAb   .     (no shield)
rPois  .         Gourm    .     (helmet restricted)
rElec  .         Spirit   .     (no cloak)
rCorr  .         Warding  .     (no gloves)
rMut   .         Stasis   .     z - +0 pair of boots
MR     .....                    (no amulet)
Stlth  ..........               l - ring of fire
                                h - ring of positive energy

@: exhausted, slowed, very slow, not resistant to hostile enchantments,
extremely unstealthy
A: retaliatory headbutt, horns 2
a: Burn Spellbooks, Berserk, Trog's Hand, Brothers in Arms, Renounce Religion


You were on level 5 of the Dungeon.
You worshipped Trog.
Trog was greatly pleased with you.
You were not hungry.

You visited 1 branch of the dungeon, and saw 5 of its levels.

You collected 278 gold pieces.

Inventory:

Hand weapons
 a - a +0 falchion
 A - a +0 dire flail (weapon)
Armour
 b - a +0 animal skin
 m - a +0 leather armour
 q - a +0 ring mail
 z - a +0 pair of boots (worn)
 C - a +0 scale mail (worn)
Jewellery
 h - a ring of positive energy (left hand)
 l - a ring of fire (right hand)
 u - an uncursed ring of magical power {unknown}
Magical devices
 E - a wand of fireball (5)
Scrolls
 e - 3 scrolls of identify
 f - a scroll of random uselessness
 g - 2 scrolls of teleportation {unknown}
 j - a scroll of recharging {unknown}
 n - 5 scrolls of remove curse {unknown}
 o - a scroll of amnesia {unknown}
 p - 2 scrolls of enchant armour {unknown}
 t - a scroll of immolation {unknown}
 y - a scroll of noise {unknown}
 B - 2 scrolls of blinking {unknown}
 F - a scroll of enchant weapon {unknown}
Potions
 d - a potion of ambrosia {unknown}
 i - a potion of heal wounds {unknown}
 k - 2 potions of might {unknown}
 s - a potion of restore abilities {unknown}
 v - 3 potions of curing {unknown}
 x - a potion of flight {unknown}
Comestibles
 c - a bread ration
 r - a fruit
 w - 2 meat rations
 D - a slice of pizza


   Skills:
 + Level 5.8 Fighting
 - Level 5.0 Long Blades
 * Level 4.5 Maces & Flails
 + Level 5.9 Armour
 + Level 4.3 Dodging
 + Level 0.1 Stealth


You had 6 spell levels left.
You didn't know any spells.

Dungeon Overview and Level Annotations

Branches:
Dungeon (5/15)
 Temple: D:4-7

Altars:
Kikubaaqudgha
Yredelemnul

Shops:
D:4 *

Annotations:
D:5 Pikel


Innate Abilities, Weirdness & Mutations

You reflexively headbutt those who attack you in melee.
You have a pair of horns on your head.


Message History

Pikel is moderately wounded.
The slave hits you but does no damage.
Pikel cracks his whip.
Pikel hits you but does no damage. The slave hits you but does no damage.
You sock Pikel!
Pikel is severely wounded.
Pikel closely misses you. You furiously retaliate!
You headbutt Pikel, but do no damage. The slave hits you.
Pikel hits you with a whip of freezing.
* * * LOW HITPOINT WARNING * * *
Pikel freezes you.
* * * LOW HITPOINT WARNING * * *
You hit Pikel. Your headbutt misses Pikel.
Pikel is almost dead.
The slave hits you.
* * * LOW HITPOINT WARNING * * *
Pikel hits you with a whip of freezing.
* * * LOW HITPOINT WARNING * * *
Pikel freezes you.
You die...

#..#.# #..#.#
#....##
#.#...#
...#...# ##
#...# #..## .
###.p.###ap..#
#...)@Kpp#
#.#.####.#
#.#.# # # #.#
?.# ... .[.#
...# .##


You could see Pikel, 4 slaves and a worker ant.

Vanquished Creatures
  An orc warrior (D:4)
  2 ogres (D:5)
  The ghost of dysrexia the Slasher, an average OpAK of Lugonu (D:3)
  2 scorpions (D:4)
  2 orc priests (D:4)
  2 orc wizards (D:4)
  2 giant frog skeletons
  4 gnolls (D:4)
  5 adders
  A giant mite (D:3)
  3 worms
  5 giant geckos
  2 oozes
  6 orcs (D:4)
  2 ball pythons (D:3)
  5 giant cockroaches
  7 hobgoblins
  9 kobolds
  3 quokkas
  9 bats
  5 giant newts
  11 goblins
  9 rats
98 creatures vanquished.

Notes
Turn   | Place    | Note
--------------------------------------------------------------
     0 | D:1      | toofou, the Minotaur Berserker, began the quest for the Orb.
     0 | D:1      | Reached XP level 1. HP: 19/19 MP: 1/1
   241 | D:1      | Reached XP level 2. HP: 21/27 MP: 1/1
   258 | D:1      | Reached skill level 4 in Long Blades
   289 | D:1      | Acquired Trog's second power
  1046 | D:2      | Reached XP level 3. HP: 29/33 MP: 2/2
  1204 | D:2      | Reached XP level 4. HP: 41/41 MP: 2/2
  1550 | D:3      | Found a glowing drain.
  1596 | D:3      | Reached skill level 5 in Long Blades
  2061 | D:3      | Found a basalt altar of Yredelemnul.
  2292 | D:3      | Noticed dysrexia's ghost (average OpAK)
  2308 | D:3      | Killed dysrexia's ghost
  2308 | D:3      | Reached skill level 5 in Fighting
  2308 | D:3      | Reached skill level 1 in Maces & Flails
  2308 | D:3      | Reached XP level 5. HP: 33/48 MP: 2/2
  2603 | D:4      | Reached XP level 6. HP: 12/56 MP: 3/3
  2860 | D:4      | Noticed an orc warrior
  2875 | D:4      | Killed an orc warrior
  2876 | D:4      | Acquired Trog's third power
  3088 | D:4      | Found an ancient bone altar of Kikubaaqudgha.
  3112 | D:4      | Reached skill level 5 in Armour
  3222 | D:4      | Found Awarrung's General Store.
  3447 | D:4      | Reached XP level 7. HP: 61/61 MP: 3/3
  3848 | D:5      | Entered Level 5 of the Dungeon
  3886 | D:5      | Noticed Pikel
  3897 | D:5      | HP: 3/62 [Pikel/whip of freezing (5)]
  3897 | D:5      | Slain by Pikel

Action                   |  1- 3 |  4- 6 |  7- 9 || total
-------------------------+-------+-------+-------++-------
Melee: Falchion          |    60 |    49 |       ||   109
       Dire flail        |       |    75 |    22 ||    97
Invok: Berserk           |       |     2 |     1 ||     3
  Use: Scroll            |     1 |       |       ||     1
  Eat: Bread ration      |       |     2 |     1 ||     3
